 Dungeon Crawl Stone Soup version 0.30-a0-4-ga7cffc901d (webtiles) character file.

Game seed: 13748448890879011950

4355 SensoryNuts the Cleaver (level 10, 0/63 HPs)
             Began as a Gargoyle Fighter on Aug 21, 2022.
             Was an Initiate of Gozag.
             Killed from afar by a fire dragon (6 damage)
             ... with a blast of flame
             ... on level 8 of the Dungeon.
             The game lasted 00:13:11 (8570 turns).

SensoryNuts the Cleaver (Gargoyle Fighter)          Turns: 8570, Time: 00:13:11

Health: 0/63       AC: 22    Str: 22    XL:     10   Next: 34%
Magic:  10/10      EV:  7    Int:  9    God:    Gozag
Gold:   1468       SH: 12    Dex: 19    Spells: 9/9 levels left

rFire   + . .      SeeInvis +    a - +5 war axe (flame)
rCold   + . .      Faith    .    c - +0 buckler
rNeg    + . .      Spirit   .    g - +1 plate armour
rPois   ∞          Reflect  +    (no helmet)
rElec   +          Harm     .    (no cloak)
rCorr   +          Rampage  .    e - +0 pair of gloves
Will    .....                    (no boots)
Stlth   ..........               k - amulet of reflection
HPRegen 0.20/turn                s - ring of see invisible
MPRegen 0.12/turn                u - +6 ring of dexterity

@: mighty, about to teleport, resistant, invisible
A: sickness immunity, AC +7, negative energy resistance 1, electricity
resistance, torment resistance 1, petrification resistance, agile 1
a: Renounce Religion, Potion Petition, Call Merchant, Bribe Branch


You were on level 8 of the Dungeon.
You worshipped Gozag.
Gozag was most pleased with you.
You visited 2 branches of the dungeon, and saw 9 of its levels.
You also visited: Sewer.

You collected 1916 gold pieces.
You paid 448 gold pieces to Gozag.

Inventory:

Hand Weapons
 a - a +5 war axe of flaming (weapon)
Armour
 c - a +0 buckler (worn)
 e - a +0 pair of gloves (worn)
 f - a +0 troll leather armour {Pargi}
 g - a +1 plate armour (worn)
Jewellery
 k - an amulet of reflection (around neck)
 l - a +4 ring of protection
 o - a ring of wizardry
 p - an amulet of magic regeneration
 s - a ring of see invisible (left hand)
 t - a +6 ring of intelligence
 u - a +6 ring of dexterity (right hand)
Wands
 v - a wand of acid (11)
 x - a wand of paralysis (14)
 B - a wand of polymorph (14)
Scrolls
 h - 10 scrolls of teleportation
 m - a scroll of fog
 q - a scroll of fear
Potions
 b - 2 potions of mutation
 i - a potion of brilliance
 j - 4 potions of curing
 n - a potion of attraction
 r - a potion of flight
 z - a potion of might
 A - a potion of cancellation


   Skills:
 + Level 7.4 Fighting
 + Level 8.9 Axes
 + Level 6.6 Armour
 + Level 1.3 Dodging
 + Level 2.4 Stealth
 + Level 8.8 Shields


You had 9 spell levels left.
You didn't know any spells.
Your spell library contained the following spells:

 Spells                   Type           Power      Damage    Failure   Level
 Petrify                  Tmut/Erth      0%         N/A       100%        4
 Irradiate                Conj/Tmut      0%         3d11      100%        5
 Sublimation of Blood     Necr           Unusable   N/A       N/A         2

Dungeon Overview and Level Annotations

Branches:
Dungeon (8/15)             Temple (1/1) D:4           Sewer (visited)
   Lair: D:8-11

Altars:
Ashenzari
Cheibriados
Dithmenos
Elyvilon
Fedhas
Gozag
Hepliaklqana
Makhleb
Nemelex Xobeh
Okawaru
Qazlal
Sif Muna
Trog
Uskayaw
Vehumet
Xom
Yredelemnul
Zin
The Shining One

Annotations:
D:6 2 transporters, drugrobin's ghost, novice DgDe


Innate Abilities, Weirdness & Mutations

You are immune to sickness and miasma.
Your stone body is resilient. (AC +7)
You are immune to poison.
You resist negative energy. (rN+)
You are resistant to electric shocks. (rElec)
You are resistant to unholy torment.
You are immune to petrification.
You are agile. (Dex +4, Str/Int -1)


Message History

You block the fire dragon's attack. The fire dragon completely misses you.
The fire dragon tramples you!
You stumble backwards!
You hit the fire dragon.
The fire dragon is lightly wounded.
The fire dragon bites you but does no damage.
The fire dragon claws you but does no damage.
The fire dragon barely misses you.
You hit the fire dragon.
The fire dragon is lightly wounded.
You block the fire dragon's attack. x3
You slash the fire dragon!
The fire dragon is moderately wounded.
You block the fire dragon's attack. x2; The fire dragon barely misses you.
A two-headed ogre comes into view. It is wielding two +0 giant clubs.
You slash the fire dragon! You burn the fire dragon.
The fire dragon is moderately wounded.
The fire dragon bites you. You block the fire dragon's attack.
The fire dragon tramples you.
You hold your ground!
You closely miss the fire dragon.
The fire dragon is moderately wounded.
The fire dragon breathes flames at you. The blast of flame hits you!!
Ouch! That really hurt!
* * * LOW HITPOINT WARNING * * *
Okay, then. [a] - 360 gold - resistance and invisibility [b] - 500 gold - haste and resistance [c] - 406 gold - resistance and might Purchase which effect?
You feel protected.
You fade into invisibility!
The fire dragon bites you but does no damage.
The fire dragon claws you but does no damage.
You block the fire dragon's attack.
Unknown command.
As you read the scroll of teleportation, it crumbles to dust.
You feel strangely unstable. The fire dragon breathes flames at you.
The blast of flame hits you. You resist.
You die...
Your body crumbles into a pile of gold.

#.####.#...))....#
....)).).).#)♣♣♣.#
#.####.##..#.♣ ♣.#
.....#.#...#.♣ ♣.#
...........#.♣ ♣.#
.#...#.....#.♣♣♣.#
.....>.....#.)...#
♣
#...<..###.#♣♣.♣♣#
.#
...>.....#.#.♣$♣@#
♣.♣♣ ########.#
#♣.♣D♣#♣...♣#♣. #
#.♣.♣.$.O......
#♣.♣.♣#♣...♣#♣.
#.♣.♣.# ♣.♣♣
####### ##


You could see a fire dragon (unable to see you, catching breath).

Vanquished Creatures
  Sigmund (D:3)
  A vampire (D:8)
  3 wyverns
  Eustachio (D:4)
  Edmund (D:6)
  A water moccasin (D:6)
  Pargi (Sewer)
  2 orc warriors (D:6)
  2 sky beasts
  A black bear (D:5)
  An ogre (D:4)
  4 centaurs
  6 bullfrogs
  2 kobold brigands
  A gnoll sergeant (D:5)
  3 scorpions
  A necrophage (D:6)
  A wight (D:8)
  10 killer bees
  7 howler monkeys
  A jelly (D:5)
  3 orc priests
  A gnoll bouda (D:6)
  7 orc wizards
  2 iguanas
  Ijyb (D:3)
  11 gnolls
  8 adders
  A river rat (D:3)
  A shadow imp (D:7)
  2 white imps
  An ufetubus (D:6)
  3 worms
  2 dart slugs
  24 orcs
  8 ball pythons
  5 endoplasms
  2 giant cockroaches
  A goblin (D:1)
  4 hobgoblins
  4 jackals (D:2)
  13 kobolds
  4 quokkas
  6 bats
  9 frilled lizards
  4 rats
178 creatures vanquished.

Notes
Turn   | Place    | Note
-------+----------+-------------------------------------------
     0 | D:1      | SensoryNuts the Gargoyle Fighter began the quest for the
                  | Orb.
     0 | D:1      | Reached XP level 1. HP: 14/14 MP: 1/1
   104 | D:1      | Reached XP level 2. HP: 19/19 MP: 2/2
   583 | D:1      | Found a faded altar of an unknown god.
   993 | D:2      | Reached XP level 3. HP: 23/24 MP: 3/3
  1426 | D:2      | Reached XP level 4. HP: 29/29 MP: 4/4
  1433 | D:2      | Reached skill level 1 in Stealth
  1591 | D:3      | Found a glowing drain.
  1604 | Sewer    | Entered a sewer
  1635 | Sewer    | Noticed Pargi
  1650 | Sewer    | Killed Pargi
  1651 | Sewer    | Reached XP level 5. HP: 18/33 MP: 5/5
  1902 | D:3      | Noticed Sigmund
  1912 | D:3      | Killed Sigmund
  1913 | D:3      | Reached XP level 6. HP: 39/39 MP: 6/6
  2231 | D:3      | Noticed Ijyb
  2237 | D:3      | Killed Ijyb
  2740 | D:4      | Reached skill level 5 in Shields
  2758 | D:4      | Reached XP level 7. HP: 44/44 MP: 7/7
  2776 | D:4      | Noticed a wyvern
  2793 | D:4      | Killed a wyvern
  2934 | D:4      | Found a staircase to the Ecumenical Temple.
  2953 | Temple   | Entered the Ecumenical Temple
  3188 | Temple   | Became a worshipper of Gozag Ym Sagoz the Greedy
  3400 | D:4      | Noticed Eustachio
  3445 | D:4      | Killed Eustachio
  3446 | D:4      | Reached skill level 5 in Fighting
  3446 | D:4      | Reached skill level 5 in Axes
  3885 | D:4      | Gained mutation: You are agile. (Dex +4, Str/Int -1)
                  | [potion of mutation]
  3902 | D:5      | Entered Level 5 of the Dungeon
  4085 | D:5      | Reached skill level 5 in Armour
  4085 | D:5      | Reached XP level 8. HP: 49/49 MP: 8/8
  5522 | D:6      | Reached XP level 9. HP: 54/55 MP: 9/9
  5577 | D:6      | Noticed Edmund
  5593 | D:6      | Killed Edmund
  5917 | D:6      | Noticed drugrobin's ghost (novice DgDe)
  5919 | D:6      | Found a transporter.
  5919 | D:6      | Identified the +5 dire flail of Courage {holy, *Rage Fly
                  | rN+++ Stlth-}
  5919 | D:6      | Identified the +9 dire flail "Xemaak Uga" {vorpal, *Rage
                  | rPois rF+ Str+6}
  5919 | D:6      | Noticed a two-headed ogre
  6674 | D:6      | Found a transporter.
  6932 | D:6      | Identified a scroll of acquirement
  6932 | D:6      | Acquired 780 gold pieces
  7620 | D:7      | Reached skill level 1 in Dodging
  7620 | D:7      | Reached XP level 10. HP: 40/63 MP: 10/10
  8554 | D:8      | Noticed a fire dragon
  8563 | D:8      | Noticed a two-headed ogre
  8570 | D:8      | Killed from afar by a fire dragon

Illustrated notes

Levels and vault maps discovered:
D:1:      onia_arrival_pyramid, layout_loops_ring,
          hellmonk_ecumenical_altar_arch_garden, minmay_misc_feat_doors,
          minmay_liquid_box
D:2:      layout_rooms, minivault_26, kennysheep_doodads, glass_columns_a,
          palyth_stone_intersect
D:3:      layout_loops_ring, cheibrodos_sewer_entry_sluice, uniq_sigmund,
          uniq_ijyb
D:4:      layout_rooms, minmay_temple_entry_junction, hangedman_decor_points,
          uniq_eustachio
D:5:      layout_basic, minmay_fountain_box
D:6:      layout_layer_cave, gammafunk_ghost_smash, uniq_edmund
D:7:      layout_cave_pods
D:8:      nzn_winding_woodlands_medium [nzn_winding_woodlands_5x5_open_star,
          nzn_winding_woodlands_5x15_crooked,
          nzn_winding_woodlands_5x5_closed_star,
          nzn_winding_woodlands_5x5_default,
          nzn_winding_woodlands_center_diamonds,
          nzn_winding_woodlands_5x5_cross,
          nzn_winding_woodlands_5x5_checkerboard,
          nzn_winding_woodlands_5x15_concentric,
          nzn_winding_woodlands_5x5_perimeter], layout_basic, enter_bailey_5,
          gammafunk_ghost_ooze
Temple:   compressed_dpeg_triangle_lava_temple

Skill      XL: |  1  2  3  4  5  6  7  8  9 |
---------------+----------------------------+-----
Axes           | 2 3 4 5 6 8 |  8.9
Fighting       | 4 5 7 |  7.4
Armour         | 4 5 6 |  6.6
Stealth        | 1 2 |  2.4
Shields        | 4 5 6 8 |  8.8
Dodging        | 1 |  1.3

Action                   |  1- 3 |  4- 6 |  7- 9 | 10-12 || total
-------------------------+-------+-------+-------+-------++-------
Melee: War axe           |    86 |   101 |   276 |    74 ||   537
Invok: Potion Petition   |       |       |       |     1 ||     1
  Use: Scroll            |     6 |     4 |     6 |     6 ||    22
       Potion            |     3 |     7 |     6 |     1 ||    17
 Stab: Distracted        |       |       |     1 |       ||     1
Armor: Scale mail        |    33 |       |       |       ||    33
       Plate armour      |    14 |    72 |   204 |    42 ||   332
Dodge: Dodged            |    34 |    22 |    74 |    16 ||   146
Block: Buckler           |    29 |    67 |   241 |    46 ||   383
       Reflection        |       |     3 |     3 |     5 ||    11

Table legend: (Time is in decaauts)
 A = Elapsed time spent in this place.
 B = Non-inter-level travel time spent in this place.
 C = Inter-level travel time spent in this place.
 D = Time resting spent in this place.
 E = Time spent auto-exploring this place.
 F = Levels seen in this place.
 G = Mean time per level.
                   A        B        C        D        E       F      G
               +--------+--------+--------+--------+--------+-----+--------+
         Total |   8754 |   8367 |    387 |    303 |   6271 |  10 |  875.4 |
       Dungeon |   8027 |   7640 |    387 |    303 |   5734 |   8 | 1003.4 |
        Temple |    418 |    418 |      0 |      0 |    366 |   1 |  418.0 |
         Sewer |    308 |    308 |      0 |      0 |    171 |   1 |  308.0 |
               +--------+--------+--------+--------+--------+-----+--------+

Top non-repeatable levels by time:
     D:6: 1732 daAuts
     D:5: 1172 daAuts
     D:7: 1149 daAuts
     D:4: 1026 daAuts
     D:1: 973 daAuts
     D:3: 889 daAuts
     D:2: 595 daAuts
     D:8: 488 daAuts
  Temple: 418 daAuts
   Sewer: 308 daAuts
